 Dungeon Crawl Stone Soup version 0.17-a0-1115-g0372368 (webtiles) character file.

2546 Lugonue the Infuser (level 9, -1/61 HPs)
             Began as a Merfolk Skald on May 22, 2015.
             Was a Priest of Okawaru.
             Killed from afar by an orc warrior (32 damage)
             ... with a wand of fire
             ... in a bailey.
             The game lasted 00:24:08 (5934 turns).

Lugonue the Infuser (Merfolk Skald)                 Turns: 5934, Time: 00:24:14

Health: -1/61      AC:  9    Str: 13    XL:     9   Next: 55%
Magic:  11/18      EV: 19    Int: 13    God:    Okawaru [***...]
Gold:   394        SH:  0    Dex: 14    Spells: 4 memorised, 12 levels left

rFire  . . .     SeeInvis .     k - +2 spear (venom)
rCold  . . .     Clarity  .     b - +0 leather armour
rNeg   . . .     SustAt   .     (no shield)
rPois  .         Gourm    .     g - +1 helmet
rElec  .         Spirit   .     D - +0 cloak
rCorr  .         Warding  .     l - +0 pair of gloves (curse)
rMut   .         Stasis   .     p - +0 pair of boots
MR     .....                    a - amulet of regeneration
Stlth  +++.......               (no ring)
                                r - +2 ring of evasion

@: heroism, infused, not resistant to hostile enchantments, fairly stealthy
A: change form in water, swift swim
a: Heroism, Renounce Religion


You were in a bailey.
You worshipped Okawaru.
Okawaru was most pleased with you.
You were not hungry.

You visited 1 branch of the dungeon, and saw 7 of its levels.
You also visited: Bailey.

You collected 394 gold pieces.

Inventory:

Hand weapons
 k - a +2 spear of venom (weapon)
Armour
 b - a +0 leather armour (worn)
 g - a +1 helmet (worn)
 h - a +1 chain mail of positive energy
 l - a cursed +0 pair of gloves (worn)
 p - a +0 pair of boots (worn)
 D - a +0 cloak (worn)
 K - a +0 cloak
Jewellery
 a - an amulet of regeneration (around neck)
 r - a +2 ring of evasion (left hand)
 t - an uncursed amulet of resist mutation
Magical devices
 q - a wand of fireball (7)
 F - a wand of random effects (25)
 J - a wand of frost (26)
Scrolls
 f - a scroll of remove curse
 i - a scroll of recharging
 n - a scroll of identify
 x - 2 scrolls of immolation
 y - a scroll of teleportation
 E - a scroll of fog
Potions
 e - 4 potions of curing
 j - a potion of heal wounds
 m - 2 potions of brilliance {unknown}
 o - a potion of cancellation {unknown}
 s - 2 potions of berserk rage {unknown}
 u - a potion of might
 v - a potion of degeneration {unknown}
 w - 2 potions of poison {unknown}
 z - a potion of invisibility {unknown}
 A - 2 potions of flight {unknown}
Books
 c - a book of Battle

   Spells                             Type                      Level
   a - Infusion                       Charms                       1
   b - Shroud of Golubria             Charms/Translocation         2
   c - Song of Slaying                Charms                       2
   d - Spectral Weapon                Hexes/Charms                 3
   e - Regeneration                   Charms/Necromancy            3
Comestibles
 d - 6 bread rations
 G - a meat ration


   Skills:
 - Level 2.1(7.1) Fighting
 - Level 7.5(12.5) Polearms
 - Level 0.6(5.6) Armour
 - Level 4.2(9.2) Dodging
 + Level 6.0 Spellcasting
 + Level 10.6 Charms


You had 12 spell levels left.
You knew the following spells:

 Your Spells              Type           Power        Failure   Level  Hunger
a - Infusion              Chrm           ####..       1%          1    None
b - Shroud of Golubria    Chrm/Tloc      ###.......   4%          2    ##.....
c - Song of Slaying       Chrm           ####....     1%          2    ##.....
d - Spectral Weapon       Hex/Chrm       ###.....     10%         3    ###....


Dungeon Overview and Level Annotations

Branches:
Dungeon (7/15)             Temple (0/1) D:6

Altars:
Makhleb
Okawaru
Zin

Shops:
D:3 *   D:5 %}:(

Annotations:
D:7 confidenceinterval's ghost, experienced HOMo


Message History

You completely miss Baka's ghost.
Baka's ghost is almost destroyed.
Your spectral weapon hits Baka's ghost but does no damage.
Baka's ghost hits you.
You hit Baka's ghost but do no damage.
Baka's ghost is almost destroyed.
Your spectral weapon hits Baka's ghost.
An orc warrior comes into view. It is wielding a trident.
You hit Baka's ghost but do no damage.
Baka's ghost is almost destroyed.
Your spectral weapon hits Baka's ghost but does no damage.
Baka's ghost says, "I am invincible!"
Baka's ghost hits you!
You hit Baka's ghost.
You destroy Baka's ghost!
Okawaru is honoured by your kill.
Your Spellcasting skill increases to level 6!
The orc warrior zaps a wand.
The bolt of fire hits you!
Ouch! That really hurt!
You die...

#### ##∩## ####
....##...##....
≈≈≈..#...#..≈≈≈
≈o≈≈......o≈≈o≈
o≈.......≈o
......o #.(.#
#.@.# ##∩## ###


You could see 2 orc knights, 4 orc warriors and a friendly spectral spear of
venom.

Vanquished Creatures
  The ghost of HEYYEYAAE the Ducker, an experienced OpFi (D:6)
  The ghost of Baka the Covered, an experienced GrFi of Okawaru (Bailey)
  The ghost of Lugonue the Poker, an experienced MfSk (D:4)
  A hungry ghost (D:5)
  4 ogres
  A phantom (D:5)
  2 centaurs
  A scorpion (D:5)
  A crimson imp (D:5)
  A jelly (D:6)
  2 orc priests
  An iguana (D:4)
  Crazy Yiuf (D:6)
  Ijyb (D:2)
  2 worker ants
  4 orc wizards
  Natasha (thrice) (D:2)
  A hound (D:5)
  A hound skeleton (D:3)
  A worker ant zombie (D:6)
  Robin (D:2)
  6 gnolls
  8 adders
  5 worms
  3 giant geckos
  20 orcs
  10 bats
  A bat skeleton (D:4)
  11 giant cockroaches
  11 hobgoblins
  18 kobolds
  2 ball python skeletons
  2 giant newts
  25 goblins
  11 jackals
  10 rats
175 creatures vanquished.

Notes
Turn   | Place    | Note
--------------------------------------------------------------
     0 | D:1      | Lugonue the Merfolk Skald began the quest for the Orb.
     0 | D:1      | Reached XP level 1. HP: 16/16 MP: 3/3
   198 | D:1      | Reached XP level 2. HP: 12/22 MP: 1/5
   729 | D:1      | Reached XP level 3. HP: 27/27 MP: 6/6
   975 | D:2      | Noticed Ijyb
  1001 | D:2      | Killed Ijyb
  1001 | D:2      | Reached skill level 4 in Polearms
  1029 | D:2      | Found an iron altar of Okawaru.
  1045 | D:2      | Became a worshipper of Warmaster Okawaru
  1111 | D:2      | Reached XP level 4. HP: 25/33 MP: 2/7
  1131 | D:2      | Learned a level 2 spell: Shroud of Golubria
  1603 | D:2      | Noticed Robin
  1631 | D:1      | Learned a level 2 spell: Song of Slaying
  1682 | D:2      | Killed Robin
  1705 | D:2      | Noticed Natasha
  1708 | D:2      | Reached skill level 5 in Polearms
  1708 | D:2      | Reached XP level 5. HP: 32/38 MP: 6/8
  1727 | D:2      | Killed Natasha
  1778 | D:2      | Noticed Natasha
  1785 | D:2      | Killed Natasha
  2119 | D:2      | Noticed Natasha
  2142 | D:2      | Killed Natasha
  2271 | D:2      | Learned a level 3 spell: Spectral Weapon
  2730 | D:3      | Found Zin's Purification Station.
  2732 | D:3      | Found a glowing silver altar of Zin.
  2945 | D:3      | Reached skill level 6 in Polearms
  2981 | D:3      | Reached XP level 6. HP: 44/44 MP: 9/9
  3354 | D:3      | Noticed a centaur
  3373 | D:3      | Killed a centaur
  3373 | D:3      | Acquired Okawaru's first power
  3373 | D:3      | Reached skill level 7 in Polearms
  3694 | D:4      | Reached skill level 5 in Charms
  3694 | D:4      | Reached XP level 7. HP: 18/50 MP: 8/10
  4063 | D:4      | Noticed Lugonue's ghost (experienced MfSk)
  4121 | D:4      | Killed Lugonue's ghost
  4121 | D:4      | Reached XP level 8. HP: 34/56 MP: 2/13
  4227 | D:4      | Reached skill level 8 in Charms
  4446 | D:5      | Entered Level 5 of the Dungeon
  4456 | D:5      | Found Xedweut's Weapon Shop.
  4523 | D:5      | Found Dinkusyo's Gadget Emporium.
  4700 | D:5      | Reached skill level 9 in Charms
  4735 | D:5      | Found Uwuifo's Book Shop.
  4784 | D:5      | Found Ipreb's Food Shoppe.
  4975 | D:5      | Reached XP level 9. HP: 61/61 MP: 16/16
  5242 | D:6      | Found a burning altar of Makhleb.
  5284 | D:6      | Found a staircase to the Ecumenical Temple.
  5376 | D:6      | Noticed Crazy Yiuf
  5385 | D:6      | Killed Crazy Yiuf
  5385 | D:6      | Reached skill level 5 in Spellcasting
  5689 | D:6      | Noticed HEYYEYAAE's ghost (experienced OpFi)
  5700 | D:6      | Killed HEYYEYAAE's ghost
  5700 | D:6      | Reached skill level 10 in Charms
  5822 | D:7      | Noticed confidenceinterval's ghost (experienced HOMo)
  5873 | D:7      | Found a flagged portal.
  5886 | Bailey   | Entered a bailey
  5886 | Bailey   | Noticed an orc knight
  5894 | Bailey   | Noticed Baka's ghost (experienced GrFi)
  5896 | Bailey   | Noticed an orc knight
  5934 | Bailey   | Killed Baka's ghost
  5934 | Bailey   | Killed from afar by an orc warrior

Vault maps used:
D:1:      onia_arrival_pyramid
D:2:      first_bread, okawaru_metal_pillars_3, uniq_iyjb, uniq_natasha,
          uniq_robin
D:3:      zin_purify, minmay_bad_closet, kennysheep_cross_bottleneck
D:5:      corexii_shantytown, lemuel_zombie_altar_kikubaaqudgha, serial_shops,
          shop_fountains, shop_fountains, nicolae_shop_waterfront,
          nicolae_shop_scaring_up_business, kennysheep_little_box
D:6:      minmay_temple_entry_junction, basic_altar, uniq_crazy_yiuf_cottage
D:7:      lemuel_coloured_pillars_altar, enter_bailey_2
Bailey:   bailey_polearm_4, bailey

Action                   |  1- 3 |  4- 6 |  7- 9 || total
-------------------------+-------+-------+-------++-------
Melee: Spear             |    94 |   332 |   371 ||   797
       Unarmed           |    16 |       |       ||    16
 Cast: Infusion          |     5 |     6 |     5 ||    16
       Shroud of Golubri |       |    14 |    15 ||    29
       Song of Slaying   |       |     3 |     3 ||     6
       Spectral Weapon   |       |       |     3 ||     3
Invok: Heroism           |       |     1 |     5 ||     6
 Abil: Stop Singing      |       |       |     3 ||     3
  Use: Scroll            |     4 |     4 |     2 ||    10
       Potion            |       |     2 |     1 ||     3
 Stab: Sleeping          |     1 |     1 |       ||     2
  Eat: Chunk             |     1 |    10 |     5 ||    16
       Pizza             |       |       |     2 ||     2
       Meat ration       |       |       |     1 ||     1
